[Event "*** SCC Grand Prix: Titled Tuesday Blitz"]
[Site "Chess.com"]
[Date "2020.10.06"]
[Round "6"]
[White "kreonx"]
[Black "vrekhson"]
[Result "1-0"]
[WhiteElo "2354"]
[BlackElo "2204"]
[TimeControl "180+1"]
[EndTime "11:07:12 PDT"]
[Termination "kreonx won by resignation"]

1. e4 c5 2. Nc3 a6 3. g3 Nc6 4. Bg2 e6 5. Nge2 d6 6. d4 cxd4 7. Nxd4 Nf6 8. Nxc6 bxc6 9. e5 Nd5 10. exd6 Bxd6 11. O-O O-O 12. Ne4 Bc7 13. c4 Ne7 14.
b3 Be5 15. Rb1 Qc7 16. Ba3 Rd8 17. Qh5 Ng6 18. Rbd1 Bb7 19. Ng5 h6 20. Nxe6 fxe6 21. Qxg6 Qf7 22. Qxf7+ Kxf7 23. Bc5 a5 24. a4 Rac8 25.
Bb6 Rxd1 26. Rxd1 Ke7 27. Bxa5 Rf8 28. Bb4+ 1-0

[Event "*** SCC Grand Prix: Titled Tuesday Blitz"]
[Site "Chess.com"]
[Date "2020.10.06"]
[Round "6"]
[White "Trickov"]
[Black "lacafi"]
[Result "0-1"]
[WhiteElo "2374"]
[BlackElo "2099"]
[TimeControl "180+1"]
[EndTime "11:07:12 PDT"]
[Termination "lacafi won by resignation"]

1. d4 f5 2. Nf3 Nf6 3. g3 g6 4. Bg2 Bg7 5. O-O O-O 6. c4 d6 7. Qb3 Nc6 8. d5 Na5 9. Qc2 c5 10. Bd2 Ne4 11. Bc1 Rb8 12. a4 a6 13.
Na3 Bd7 14. Rb1 Qe8 15. b3 b5 16. axb5 axb5 17. cxb5 Bxb5 18. Nxb5 Qxb5 19. Ng5 Nc3 20. Bf3 Nxb1 21. Qxb1 Qxb3 22. Qxb3 Nxb3 23. Be3 Nd4 24. Bxd4 Bxd4 25. Ne6 Rfc8 26. Rd1 Bf6 27. e4 fxe4 28. Bxe4 c4 29. Nd4 Bxd4 30. Rxd4 c3 31. Rd1 c2 32.
Rc1 Rb1 33. Rxb1 cxb1=Q+ 34. Bxb1 Rc1+ 35. Kg2 Rxb1 0-1

[Event "*** SCC Grand Prix: Titled Tuesday Blitz"]
[Site "Chess.com"]
[Date "2020.10.06"]
[Round "6"]
[White "markberk"]
[Black "maximnovik"]
[Result "0-1"]
[WhiteElo "2393"]
[BlackElo "2536"]
[TimeControl "180+1"]
[EndTime "11:07:13 PDT"]
[Termination "maximnovik won on time"]

1. Nf3 Nf6 2. g3 g6 3. Bg2 Bg7 4. O-O O-O 5. d4 d5 6. c4 dxc4 7. Na3 Nc6 8. Nxc4 Be6 9. b3 a5 10. a4 Bd5 11. Bb2 Nb4 12. e3 c6 13. Qe2 Qc7 14.
Rac1 Rfd8 15. Rfd1 b5 16. axb5 cxb5 17. Ncd2 Qb7 18.
Rc5 Rab8 19. e4 Bxe4 20. Nxe4 Qxe4 21. Qf1 Qe6 22. Rxb5 Qxb3 23. Rxb8 Rxb8 24. Bc1 Nfd5 25. Ne5 e6 26. Qc4 Qxc4 27. Nxc4 a4 28. Ba3 Nc2 29. Bc5 Nc3 30. Rd3 Bxd4 31. Bc6 e5 32. Bxd4 Nxd4 33. Nxe5 a3 0-1

[Event "*** SCC Grand Prix: Titled Tuesday Blitz"]
[Site "Chess.com"]
[Date "2020.10.06"]
[Round "6"]
[White "ljuks68"]
[Black "mr65"]
[Result "1-0"]
[WhiteElo "2332"]
[BlackElo "2153"]
[TimeControl "180+1"]
[EndTime "11:07:13 PDT"]
[Termination "ljuks68 won by checkmate"]

1. e4 e5 2. Nf3 Nc6 3. Bb5 a6 4. Ba4 Nf6 5. Qe2 b5 6. Bb3 Be7 7. c3 O-O 8. d4 exd4 9. e5 Ne8 10. cxd4 d6 11. O-O dxe5 12. dxe5 Nd4 13. Nxd4 Qxd4 14. Rd1 Qg4 15. Qxg4 Bxg4 16. f3 Be6 17. Nc3 Bc5+ 18. Kf1 g6 19. Ne4 Bb6 20. Bh6 Ng7 21. Nf6+ Kh8 22.
Bxe6 Nxe6 23. Bxf8 Nxf8 24. Nd7 Nxd7 25. Rxd7 Re8 26.
Rxf7 Rxe5 27. Rd1 Kg8 28. Rdd7 Rc5 29. Rg7+ Kf8 30. Rxh7 Kg8 31. Rhg7+ Kf8 32. Rxg6 Rc1+ 33. Ke2 Rc2+ 34. Rd2 Rc5 35. Re6 Kf7 36. Re4 Rc1 37.
h4 Ba5 38. b4 Bb6 39. h5 Rc3 40. g4 Kf6 41. h6 Kg6 42. Re6+ Kh7 43. Rd7+ Kh8 44. Re8# 1-0

[Event "*** SCC Grand Prix: Titled Tuesday Blitz"]
[Site "Chess.com"]
[Date "2020.10.06"]
[Round "6"]
[White "Artyom_ChessMate"]
[Black "Region_07"]
[Result "1-0"]
[WhiteElo "2516"]
[BlackElo "2370"]
[TimeControl "180+1"]
[EndTime "11:07:16 PDT"]
[Termination "Artyom_ChessMate won on time"]

1. e4 Nc6 2. Nf3 d6 3. d4 g6 4. Nc3 Bg7 5. h3 Nf6 6. Be3 O-O 7. Qd2 e5 8. d5 Nb8 9. O-O-O Nbd7 10. g4 Nc5 11.
Bxc5 dxc5 12. Be2 Ne8 13. g5 Nd6 14. h4 f6 15. gxf6 Qxf6 16. Rdg1 Qf4 17. h5 Bg4 18.
Qxf4 Rxf4 19. Ng5 Bh6 20. Bxg4 Rxf2 21. Be6+ Kg7 22. hxg6 hxg6 23. Kb1 Raf8 24. a3 b5 25. Nh3 Rd2 26. Rg4 b4 27. axb4 cxb4 28. Na4 Rf3 29.
Rhg1 1-0

[Event "*** SCC Grand Prix: Titled Tuesday Blitz"]
[Site "Chess.com"]
[Date "2020.10.06"]
[Round "6"]
[White "GMaka"]
[Black "arminmusovic"]
[Result "0-1"]
[WhiteElo "2376"]
[BlackElo "2529"]
[TimeControl "180+1"]
[EndTime "11:07:18 PDT"]
[Termination "arminmusovic won by resignation"]

1. Nf3 a6 2. c4 e6 3. b3 d5 4.
Bb2 Nf6 5. g3 c5 6. Bg2 d4 7.
O-O Nc6 8. e3 e5 9. exd4 exd4 10. Re1+ Be7 11. d3 Bg4 12. Nbd2 O-O 13. h3 Bh5 14. Ne4 Re8 15. g4 Nxe4 16. Rxe4 Bg6 17. Re2 h5 18. a3 hxg4 19. hxg4 Qd7 20. Ne5 Nxe5 21. Rxe5 Bd6 22. Rxe8+ Rxe8 23. Qf3 Bb8 24. Rd1 Qd6 25. Qxb7 Re2 26. Bc1 Bxd3 27. f4 Bc2 28. Bd5 Bg6 29. Bd2 Rxd2 30. Rxd2 Qxf4 31. Qc8+ Kh7 32.
Rf2 Qg3+ 33. Kf1 Bd3+ 34. Ke1 Qe3+ 35. Kd1 Qxf2 36. Qxb8 0-1

[Event "*** SCC Grand Prix: Titled Tuesday Blitz"]
[Site "Chess.com"]
[Date "2020.10.06"]
[Round "6"]
[White "chorejason"]
[Black "barbara25"]
[Result "0-1"]
[WhiteElo "2154"]
[BlackElo "2332"]
[TimeControl "180+1"]
[EndTime "11:07:18 PDT"]
[Termination "barbara25 won by resignation"]

1. e4 c5 2. Nf3 d6 3. d4 cxd4 4. Nxd4 Nf6 5. Nc3 a6 6. Bc4 e6 7. O-O Be7 8. Bb3 O-O 9. Be3 Nc6 10. f4 Nxd4 11. Bxd4 b5 12. e5 dxe5 13. fxe5 Nd7 14. Qf3 Rb8 15. Rad1 Bb7 16. Qh5 Qc7 17. Rf2 Nc5 18.
Rdf1 Qc6 19. Ne2 Nxb3 20. cxb3 f6 21. Bc3 fxe5 22. Qxe5 Bf6 23. Nd4 Bxe5 24. Nxc6 Rxf2 25. Rxf2 Bxh2+ 26. Kxh2 Bxc6 27. Rd2 Bd5 28. Be5 Rc8 29. Bc3 g6 30. Rf2 Rf8 31. Rxf8+ Kxf8 32. Kg3 Kf7 33.
Kf4 Bxg2 34. Kg5 h5 35. Be5 Be4 36. Bc3 Ke7 37. Be5 Kd7 38. Bf6 Kd6 39. Kf4 Bf5 40. Ke3 e5 41. Bg5 Kd5 42. Kd2 Ke4 43. a4 Kf3 44. Bf6 e4 45. Bg5 Kg4 46. Bf6 h4 47. Ke3 Kg3 48. Be5+ Kg2 0-1

[Event "*** SCC Grand Prix: Titled Tuesday Blitz"]
[Site "Chess.com"]
[Date "2020.10.06"]
[Round "6"]
[White "LiemLe"]
[Black "MrTattaglia"]
[Result "1-0"]
[WhiteElo "2998"]
[BlackElo "2880"]
[TimeControl "180+1"]
[EndTime "11:07:19 PDT"]
[Termination "LiemLe won on time"]

1. d4 Nf6 2. Nf3 d5 3. Bf4 c5 4. e3 Nc6 5. c3 e6 6. Nbd2 Bd6 7. Bb5 Bxf4 8. exf4 Qb6 9. Qb3 O-O 10. Bxc6 bxc6 11.
O-O Ba6 12. Rfc1 Nd7 13. Qa3 Rab8 14. Nb3 c4 15. Na5 c5 16. b3 Rfc8 17. bxc4 dxc4 18. h4 h6 19. Rab1 Qxb1 20. Rxb1 Rxb1+ 21. Kh2 Bb7 22. Nd2 Rb5 23. Ndxc4 cxd4 24. cxd4 Rb1 25. Qe7 Bc6 26. Nd6 1-0

[Event "*** SCC Grand Prix: Titled Tuesday Blitz"]
[Site "Chess.com"]
[Date "2020.10.06"]
[Round "6"]
[White "smshk35"]
[Black "albi1999"]
[Result "1-0"]
[WhiteElo "2463"]
[BlackElo "2589"]
[TimeControl "180+1"]
[EndTime "11:07:22 PDT"]
[Termination "smshk35 won by resignation"]

1. e4 c6 2. d4 d5 3. e5 Bf5 4. h4 h5 5. Bg5 Qb6 6. Bd3 Bxd3 7. Qxd3 Qa6 8. Nf3 Qxd3 9. cxd3 e6 10. O-O Ne7 11. Nc3 Nf5 12. Rab1 a5 13. a3 a4 14. b4 axb3 15. Rxb3 b5 16. a4 b4 17. Rfb1 f6 18. exf6 Nd7 19. fxg7 Nxg7 20. Na2 Rxa4 21. Nxb4 c5 22.
dxc5 Nxc5 23. R3b2 Nf5 24. d4 Ne4 25. Nc6 Nfd6 26.
Rb8+ Kf7 27. Nd8+ Kg6 28. Nxe6 Bg7 29. Ne5+ Bxe5 30. dxe5 Rxb8 31. Rxb8 Ra1+ 32. Kh2 Nf5 33. Nf4+ Kh7 34. Rb7+ Kg8 35. Nh3 d4 36. e6 d3 37. e7 Ra8 38. Rd7 Kf7 39. Rxd3 Nxe7 40. Bxe7 Kxe7 41. Re3 1-0

[Event "*** SCC Grand Prix: Titled Tuesday Blitz"]
[Site "Chess.com"]
[Date "2020.10.06"]
[Round "6"]
[White "Alexander_Kachko"]
[Black "FMKonstantin_Twitch"]
[Result "1-0"]
[WhiteElo "2744"]
[BlackElo "2556"]
[TimeControl "180+1"]
[EndTime "11:07:23 PDT"]
[Termination "Alexander_Kachko won by resignation"]

1. e4 d5 2. Nc3 dxe4 3. Nxe4 Nf6 4. Nxf6+ exf6 5. d4 Bd6 6. Bd3 O-O 7. Ne2 Re8 8.
O-O c6 9. Bf4 Bxf4 10. Nxf4 Qd6 11. Qd2 Be6 12. Rfe1 Nd7 13. c3 Nf8 14. Nxe6 Nxe6 15.
Rad1 g6 16. Bc4 Nc7 17. Rxe8+ Rxe8 18. Re1 Rxe1+ 19. Qxe1 Kg7 20. g3 h5 21. Qe3 Ne6 22.
h4 Kf8 23. a4 Ke7 24. f4 f5 25. Kf2 Kf8 26. b4 b6 27. Qe5 Qxe5 28. fxe5 Ke7 29.
b5 cxb5 30. axb5 f6 31. exf6+ Kxf6 32. Bxe6 Kxe6 33. Ke3 Kd5 34. Kd3 Ke6 35. c4 Kf6 36. Ke3 g5 37. hxg5+ Kxg5 38. c5 Kf6 39. Kf4 Ke6 40.
c6 Kd6 41. d5 1-0

[Event "*** SCC Grand Prix: Titled Tuesday Blitz"]
[Site "Chess.com"]
[Date "2020.10.06"]
[Round "6"]
[White "DeGrootteZ"]
[Black "JoliyRoger"]
[Result "1-0"]
[WhiteElo "2640"]
[BlackElo "2460"]
[TimeControl "180+1"]
[EndTime "11:07:23 PDT"]
[Termination "DeGrootteZ won on time"]

1. d4 Nf6 2. c4 e6 3. Nf3 Bb4+ 4. Nc3 b6 5. g3 Bb7 6. Bg2 Ne4 7. O-O Bxc3 8. bxc3 O-O 9. Qc2 f5 10. Ng5 h6 11.
Nxe4 fxe4 12. Bxe4 Bxe4 13. Qxe4 Na6 14. a4 c5 15. a5 bxa5 16. Bf4 Rc8 17. Bd6 Rf5 18. Qb7 Nb8 19. d5 exd5 20. cxd5 Rf6 21. Be5 Rb6 22.
Qxa7 d6 23. Bf4 Ra6 24. Qb7 Rc7 25. Qb5 Rca7 26. Ra4 Nd7 27. Rfa1 Nb6 28. Rxa5 Rxa5 29. Rxa5 Rxa5 30. Qxa5 Qb8 31. e4 g5 32. Bc1 Nc4 33.
Qa4 Ne5 34. Kg2 Qf8 35. f4 gxf4 36. Bxf4 Nd3 37. Kf3 Ne5+ 38. Ke2 Ng4 39. Qd7 Nxh2 40. Qe6+ Kh7 41. Qxd6 1-0

[Event "*** SCC Grand Prix: Titled Tuesday Blitz"]
[Site "Chess.com"]
[Date "2020.10.06"]
[Round "6"]
[White "UmarovSabir"]
[Black "Oglob71"]
[Result "0-1"]
[WhiteElo "2368"]
[BlackElo "2507"]
[TimeControl "180+1"]
[EndTime "11:07:26 PDT"]
[Termination "Oglob71 won on time"]

1. e4 c5 2. a3 b6 3. b4 Bb7 4. Nc3 Nf6 5. e5 Nd5 6. Nxd5 Bxd5 7. Bb2 e6 8. c4 Bb7 9. Qg4 h5 10. Qg3 h4 11. Qg4 cxb4 12. axb4 g6 13. b5 Rh5 14.
Nf3 d6 15. exd6 Bxd6 16. Be2 Nd7 17. O-O Qe7 18. Rfe1 Nf6 19. Qd4 e5 20. Qe3 Ng4 21.
Qc3 h3 22. Bf1 hxg2 23. Bxg2 e4 24. d3 O-O-O 25. Rxa7 Nxh2 26. Rxb7 Qxb7 27. Rxe4 Qc7 28. Nd4 Rdh8 29. Nc6 f5 30. Re6 Ng4 31. Qxh8+ Rxh8 32. Bxh8 Bh2+ 33. Kf1 Qf4 0-1

[Event "*** SCC Grand Prix: Titled Tuesday Blitz"]
[Site "Chess.com"]
[Date "2020.10.06"]
[Round "6"]
[White "Oligan22"]
[Black "FMalexhdez"]
[Result "1-0"]
[WhiteElo "2423"]
[BlackElo "2271"]
[TimeControl "180+1"]
[EndTime "11:07:26 PDT"]
[Termination "Oligan22 won on time"]

1. e4 c5 2. Nf3 d6 3. Bb5+ Bd7 4. Bxd7+ Qxd7 5. O-O Nc6 6. d4 cxd4 7. Nxd4 g6 8.
c4 Bg7 9. Be3 Nf6 10. Nc3 O-O 11. f3 Rac8 12. Qd2 Ne5 13. b3 a6 14. a4 Qc7 15. a5 Nfd7 16. Na4 Nc5 17. Ra2 Rcd8 18. Rc1 Ned7 19. b4 Bxd4 20. bxc5 Bxe3+ 21. Qxe3 Nxc5 22. Nb6 e6 23. h4 f5 24. exf5 Rxf5 25. Rd1 Re5 26. Qd4 Nd7 27. Qxd6 1-0

[Event "*** SCC Grand Prix: Titled Tuesday Blitz"]
[Site "Chess.com"]
[Date "2020.10.06"]
[Round "6"]
[White "crossingthestreet"]
[Black "teacher4chess"]
[Result "1-0"]
[WhiteElo "2432"]
[BlackElo "2000"]
[TimeControl "180+1"]
[EndTime "11:07:29 PDT"]
[Termination "crossingthestreet won on time"]

1. c4 e6 2. Nc3 Nf6 3. Nf3 d5 4. e3 c6 5. b3 Nbd7 6. Qc2 Bd6 7. Bb2 a6 8. d4 dxc4 9. Bxc4 b5 10. Be2 Bb7 11. a4 b4 12. Nb1 c5 13. Nbd2 Rc8 14.
Nc4 Be7 15. a5 cxd4 16. Nxd4 Bxg2 17. Rg1 Be4 18. Bd3 Bxd3 19. Qxd3 Nc5 20. Qe2 O-O 21. Rd1 Qc7 22. f3 Nxb3 23. Nxb3 Qxc4 24. Qg2 g6 25. Nd4 e5 26. Ne2 Qb3 27. Bxe5 Qxe3 28. Bd4 Qe6 29. Kf2 b3 30. Rge1 Bb4 31. Nf4 Qc6 32.
Re2 Rfd8 33. Qg5 Be7 34. Rxe7 Qc2+ 35. Ne2 Qxd1 36. Qxf6 1-0

[Event "*** SCC Grand Prix: Titled Tuesday Blitz"]
[Site "Chess.com"]
[Date "2020.10.06"]
[Round "6"]
[White "andresgv36"]
[Black "Skatchkov_V"]
[Result "0-1"]
[WhiteElo "2419"]
[BlackElo "2593"]
[TimeControl "180+1"]
[EndTime "11:07:30 PDT"]
[Termination "Skatchkov_V won on time"]

1. d4 Nf6 2. Bf4 e6 3. e3 d5 4.
Nf3 c5 5. c3 Nc6 6. Bd3 Bd6 7.
Bg3 O-O 8. Nbd2 b6 9. e4 Be7 10. e5 Nh5 11. Ng5 Bxg5 12. Qxh5 g6 13. Qe2 cxd4 14.
h4 Bh6 15. h5 Bg7 16. h6 Bh8 17. Nf3 dxc3 18. bxc3 f5 19. Bf4 Bd7 20. O-O Qc7 21.
Rfe1 Nd8 22. c4 dxc4 23. Bxc4 Nf7 24. Rac1 Qd8 25. Qe3 Rc8 26. Bb3 Qe7 27. Rcd1 Rc5 28. Rd2 Bc6 29. Nd4 Bd5 30. Bxd5 Rxd5 31. Nf3 Rfd8 32.
Rc2 Rd3 33. Qe2 g5 34. Bh2 g4 0-1

[Event "*** SCC Grand Prix: Titled Tuesday Blitz"]
[Site "Chess.com"]
[Date "2020.10.06"]
[Round "6"]
[White "Irishchessman16"]
[Black "boasovietica"]
[Result "1-0"]
[WhiteElo "2348"]
[BlackElo "2446"]
[TimeControl "180+1"]
[EndTime "11:07:30 PDT"]
[Termination "Irishchessman16 won on time"]

1. e4 e5 2. Nf3 Nc6 3. d4 exd4 4. Nxd4 Bb4+ 5. c3 Bc5 6. Be3 Bb6 7. Nf5 g6 8. Bxb6 axb6 9. Ne3 Nf6 10. f3 O-O 11. Bc4 Nh5 12. O-O Qg5 13. Qe1 Ne5 14. Nd2 d6 15. g3 Nxc4 16. Nexc4 Bh3 17. Rf2 d5 18. Qe3 Qxe3 19. Nxe3 dxe4 20. Nxe4 f5 21. Ng5 f4 22. Nxh3 fxe3 23. Rff1 e2 24. Rfe1 Rxf3 25. Rxe2 Rd3 26. Rae1 Rxa2 27. Ng5 Nxg3 28. Re8+ Kg7 29. Ne6+ Kh6 30. hxg3 Rxg3+ 31. Kf2 Rxc3 32. Rh1+ 1-0

[Event "*** SCC Grand Prix: Titled Tuesday Blitz"]
[Site "Chess.com"]
[Date "2020.10.06"]
[Round "6"]
[White "ailime26"]
[Black "novocane"]
[Result "0-1"]
[WhiteElo "1852"]
[BlackElo "2274"]
[TimeControl "180+1"]
[EndTime "11:07:31 PDT"]
[Termination "novocane won by resignation"]

1. e4 c5 2. Nf3 Nc6 3. d4 cxd4 4. Nxd4 e5 5. Nb5 d6 6. N1c3 a6 7. Na3 Be7 8. Nd5 Nf6 9. Bd3 Nxd5 10. exd5 Qa5+ 11. Bd2 Qxd5 12. O-O Qe6 13. f4 exf4 14. Rxf4 Ne5 15. Re4 O-O 16. Bc3 b5 17. Qh5 g6 18.
Qh6 Bf6 19. Rf1 Bg7 20. Qe3 Bb7 21. Rh4 Rfe8 22. Qd2 Rad8 23. Re1 Qd5 24. Kh1 Nxd3 25. Rxe8+ Rxe8 26. cxd3 Re1+ 27. Qxe1 0-1

[Event "*** SCC Grand Prix: Titled Tuesday Blitz"]
[Site "Chess.com"]
[Date "2020.10.06"]
[Round "6"]
[White "Alexander_Moskalenko"]
[Black "Fy_Rakotomaharo"]
[Result "1-0"]
[WhiteElo "2817"]
[BlackElo "2633"]
[TimeControl "180+1"]
[EndTime "11:07:35 PDT"]
[Termination "Alexander_Moskalenko won by resignation"]

1. d4 Nf6 2. c4 g6 3. Nc3 d5 4.
cxd5 Nxd5 5. Bd2 Nb6 6. Nf3 Bg7 7. e4 O-O 8. Be3 Bg4 9. Be2 Nc6 10. d5 Na5 11. Bd4 Bxf3 12. Bxg7 Bxe2 13. Qd4 Re8 14. Nxe2 e5 15. Bxe5 c5 16. dxc6 Qxd4 17. Bxd4 Rxe4 18. f3 Re6 19. cxb7 Nxb7 20. Kf2 Nd5 21. Nc3 Nb4 22.
Rad1 f5 23. Rd2 a5 24. Rhd1 Rae8 25. h4 Nd6 26. a3 Nc6 27. Nd5 Nxd4 28. Rxd4 Re2+ 29.
Kg3 Kf7 30. Nf4 Rxb2 31. Rxd6 Rc8 32. Rd7+ Ke8 33. Rxh7 Rcc2 34. Re1+ Kf8 35. Ra7 Rb5 36. Nxg6+ 1-0

[Event "*** SCC Grand Prix: Titled Tuesday Blitz"]
[Site "Chess.com"]
[Date "2020.10.06"]
[Round "6"]
[White "Anton_Demchenko"]
[Black "UCantHandleDenker"]
[Result "1-0"]
[WhiteElo "2821"]
[BlackElo "2557"]
[TimeControl "180+1"]
[EndTime "11:07:35 PDT"]
[Termination "Anton_Demchenko won by checkmate"]

1. e4 d6 2. d4 Nf6 3. Nc3 g6 4. Nf3 Bg7 5. Be3 O-O 6. Qd2 c6 7.
Bh6 b5 8. Bd3 Nbd7 9. h4 e5 10.
h5 Qe7 11. Bxg7 Kxg7 12. hxg6 fxg6 13. O-O-O a6 14. Kb1 Kg8 15. a3 Ra7 16. Na2 c5 17. dxc5 Nxc5 18. Ng5 Be6 19. f3 Rb8 20. Nb4 a5 21. Nc6 Qc7 22. Nxb8 Qxb8 23. Be2 Bc4 24. Bxc4+ bxc4 25. Qxd6 Rb7 26. Qxb8+ Rxb8 27. Kc1 Na4 28. Rd6 Nxb2 29. Rxf6 Na4 30. Rxh7 c3 31. Rxg6+ Kf8 32.
Rf7+ Ke8 33. Rg8# 1-0

[Event "*** SCC Grand Prix: Titled Tuesday Blitz"]
[Site "Chess.com"]
[Date "2020.10.06"]
[Round "6"]
[White "Tenamu"]
[Black "Obito24"]
[Result "0-1"]
[WhiteElo "2368"]
[BlackElo "2551"]
[TimeControl "180+1"]
[EndTime "11:07:36 PDT"]
[Termination "Obito24 won by resignation"]

1. d4 Nf6 2. Nc3 d5 3. Bf4 Bf5 4. f3 e6 5. g4 Bg6 6. h4 h6 7. e3 Bd6 8. Nh3 a6 9. Bd3 Bxd3 10. Qxd3 c5 11. dxc5 Bxc5 12. O-O-O Nc6 13. g5 hxg5 14. hxg5 Nh5 15. g6 f6 16. Na4 Bd6 17. Qb3 b5 18.
Nc3 Na5 19. Qxd5 exd5 20. Rxd5 Nxf4 21. exf4 b4 22. Ne2 Qd7 23. f5 Nb7 24. Re1 O-O-O 25. Nf2 Nc5 26. Ng4 Qc6 27. Rd4 Qxf3 28. Rc4 Kb7 29. b3 Rhe8 30. Rxb4+ Ka7 31. Nd4 Rxe1+ 32. Kb2 Qd5 33. Ka3 Nd3 0-1

[Event "*** SCC Grand Prix: Titled Tuesday Blitz"]
[Site "Chess.com"]
[Date "2020.10.06"]
[Round "6"]
[White "serena-maria"]
[Black "Sesleria"]
[Result "1-0"]
[WhiteElo "2283"]
[BlackElo "2104"]
[TimeControl "180+1"]
[EndTime "11:07:36 PDT"]
[Termination "serena-maria won by resignation"]

1. Nf3 Nf6 2. g3 g6 3. Bg2 Bg7 4. O-O O-O 5. c4 d6 6. Nc3 Nc6 7. d3 a6 8. Rb1 Bd7 9. b4 e5 10.
Nd2 Rb8 11. a4 Nd4 12. b5 c5 13. Nde4 Nxe4 14. dxe4 Qe7 15. Nd5 Qd8 16. Qd3 f5 17. e3 Ne6 18. exf5 gxf5 19. bxa6 bxa6 20. Rxb8 Qxb8 21. Ne7+ Kh8 22. Nxf5 Bxa4 23. Qxd6 Qxd6 24. Nxd6 Rb8 25. Nb7 Bb3 26. Bd5 Nc7 27. Nxc5 Nxd5 28. Nxb3 Nxe3 29. Bxe3 Rxb3 30. Ra1 Bf6 31. Rxa6 Rc3 32.
Rxf6 1-0

[Event "*** SCC Grand Prix: Titled Tuesday Blitz"]
[Site "Chess.com"]
[Date "2020.10.06"]
[Round "6"]
[White "MarceloPlaya"]
[Black "rynos0411"]
[Result "1-0"]
[WhiteElo "2260"]
[BlackElo "2398"]
[TimeControl "180+1"]
[EndTime "11:07:37 PDT"]
[Termination "MarceloPlaya won by resignation"]

1. e4 d6 2. d4 Nf6 3. Nc3 c6 4. Bg5 Nbd7 5. Qd2 e5 6. O-O-O Be7 7. h4 h6 8. Be3 Ng4 9. Kb1 Nxe3 10. Qxe3 Qc7 11.
f4 Bf6 12. Nf3 b5 13. g4 Bb7 14. g5 hxg5 15. fxg5 Be7 16. d5 b4 17. dxc6 Bxc6 18.
Nd5 Bxd5 19. Rxd5 a6 20. h5 Nb6 21. Rd1 Nc4 22. Bxc4 Qxc4 23. h6 gxh6 24. gxh6 Rc8 25. Rd2 Qc5 26. Qe2 Qc4 27. Rd3 a5 28. h7 a4 29. b3 axb3 30. axb3 Qa6 31. Qg2 Ra8 32. Kc1 Bf6 33. Kd2 Ke7 34. Nh4 Bxh4 35. Rxh4 Qb6 36. Qg5+ Kf8 37. Qh6+ Ke7 38. Rh2 Rab8 39. Qg5+ Kf8 40.
Qf6 1-0

[Event "*** SCC Grand Prix: Titled Tuesday Blitz"]
[Site "Chess.com"]
[Date "2020.10.06"]
[Round "6"]
[White "Azerichess"]
[Black "TrimitziosP7"]
[Result "1-0"]
[WhiteElo "2922"]
[BlackElo "2810"]
[TimeControl "180+1"]
[EndTime "11:07:38 PDT"]
[Termination "Azerichess won by resignation"]

1. d4 Nf6 2. c4 e6 3. Nc3 Bb4 4.
Qc2 O-O 5. a3 Be7 6. e4 d6 7. e5 dxe5 8. dxe5 Nfd7 9. Nf3 c5 10.
Bf4 Nc6 11. O-O-O f6 12. Bd3 f5 13. Kb1 a6 14. h4 Nd4 15. Qd2 b5 16. Ne2 Nxe2 17.
Bxe2 Qc7 18. Rhg1 Rd8 19. g4 Nb6 20. Qe3 Bb7 21. gxf5 Rxd1+ 22. Rxd1 exf5 23. cxb5 axb5 24. Bxb5 c4 25. e6 Qc8 26. Qxb6 Be4+ 27. Ka2 Bxf3 28.
Rd7 Qf8 29. Bd6 Bxd6 30. Qxd6 Qxd6 31. Rxd6 h6 32. e7 Kf7 33. e8=Q+ Rxe8 34. Bxe8+ Kxe8 35. a4 Ke7 36. Rd4 g5 37. hxg5 hxg5 38. a5 Kf6 39. a6 Ke5 40. Rxc4 Bd5 41. b3 1-0

[Event "*** SCC Grand Prix: Titled Tuesday Blitz"]
[Site "Chess.com"]
[Date "2020.10.06"]
[Round "6"]
[White "NewBornNow"]
[Black "Sibelephant"]
[Result "0-1"]
[WhiteElo "2655"]
[BlackElo "3093"]
[TimeControl "180+1"]
[EndTime "11:07:38 PDT"]
[Termination "Sibelephant won by resignation"]

1. e4 c5 2. Nf3 e6 3. d4 cxd4 4. Nxd4 Nc6 5. Nc3 a6 6. Nxc6 bxc6 7. Bd3 Qc7 8. O-O Nf6 9. Qe2 Bd6 10. Kh1 Rb8 11. f4 e5 12. f5 h6 13. b3 Bb4 14.
Na4 O-O 15. c4 d5 16. Bb2 dxc4 17. Bxc4 Rd8 18. Rad1 Bb7 19. a3 Be7 20. b4 c5 21.
bxc5 Bc6 22. Nb6 Bxc5 23. Nd5 Bxd5 24. exd5 Re8 25. Bxa6 Bd4 26. Bc1 Nxd5 27. f6 Rb6 28. Bc4 Nxf6 29. Rxf6 Rxf6 30. Rxd4 Rc8 31. Re4 Rc6 32.
Bxh6 Rxc4 0-1

[Event "*** SCC Grand Prix: Titled Tuesday Blitz"]
[Site "Chess.com"]
[Date "2020.10.06"]
[Round "6"]
[White "Xeniya2005"]
[Black "burbur555"]
[Result "0-1"]
[WhiteElo "2391"]
[BlackElo "2586"]
[TimeControl "180+1"]
[EndTime "11:07:39 PDT"]
[Termination "burbur555 won on time"]

1. e4 c6 2. d4 d5 3. Nd2 dxe4 4. Nxe4 Bf5 5. Ng3 Bg6 6. h4 h6 7. Nf3 Nd7 8. h5 Bh7 9. Bd3 Bxd3 10. Qxd3 e6 11.
Bd2 Qc7 12. O-O-O O-O-O 13. Kb1 Ngf6 14. Ne4 Nc5 15. Nxc5 Bxc5 16. Qc4 Bb6 17. g3 Rd5 18. Bf4 Qe7 19. Ne5 Bc7 20. c3 Bxe5 21. Bxe5 Rhd8 22.
Qa4 a6 23. c4 R5d7 24. f3 Ne8 25. Qa5 f6 26. Bf4 e5 27. Be3 exd4 28. Bf4 Qe2 29.
Qc5 d3 30. Rhe1 Qc2+ 31. Ka1 d2 32. Rf1 Nc7 33. Qb6 Re8 34. Rxd2 Qxd2 35. Bxd2 Rxd2 36. Qb4 Ree2 37. Rb1 Ne6 38. g4 Nd4 39. Qf8+ Kc7 40. Qxg7+ Kb6 41. a3 a5 42. Qxf6 a4 43. g5 Nb3+ 44.
Ka2 hxg5 45. h6 Rh2 46. Qxg5 Rh3 0-1

[Event "*** SCC Grand Prix: Titled Tuesday Blitz"]
[Site "Chess.com"]
[Date "2020.10.06"]
[Round "6"]
[White "Nikolaj_6"]
[Black "Ladislav1969"]
[Result "1-0"]
[WhiteElo "2536"]
[BlackElo "2364"]
[TimeControl "180+1"]
[EndTime "11:07:39 PDT"]
[Termination "Nikolaj_6 won on time"]

1. d4 Nf6 2. Bf4 g6 3. Nf3 d5 4. h3 Bg7 5. c4 c5 6. dxc5 Qa5+ 7. Nbd2 dxc4 8. Rc1 Be6 9. e3 Ne4 10. Bxc4 Bxb2 11.
Bxe6 Bxc1 12. Qxc1 fxe6 13. O-O Nxd2 14. Nxd2 O-O 15. Nb3 Qb4 16. Rd1 Nc6 17. Nd4 Rac8 18. Nxe6 Rf5 19. a3 Qe4 20. Nd4 e5 21. Nxf5 gxf5 22.
Bg3 Rf8 23. f3 Qa4 24. Rd6 Rf7 25. Qc3 f4 26. exf4 exf4 27. Bf2 Re7 28. Qd3 1-0

[Event "*** SCC Grand Prix: Titled Tuesday Blitz"]
[Site "Chess.com"]
[Date "2020.10.06"]
[Round "6"]
[White "MusicCityMaster"]
[Black "Margarita2907"]
[Result "1-0"]
[WhiteElo "2312"]
[BlackElo "2190"]
[TimeControl "180+1"]
[EndTime "11:07:39 PDT"]
[Termination "MusicCityMaster won by resignation"]

1. d4 d5 2. c4 e6 3. Nc3 Nf6 4. cxd5 exd5 5. Bg5 Be7 6. Qc2 c6 7. e3 Nbd7 8. Bd3 O-O 9. Nge2 h6 10. Bh4 Re8 11. O-O Ne4 12. Bxe7 Qxe7 13. Rae1 Ndf6 14.
f3 Nxc3 15. Nxc3 Qd6 16. Kh1 b6 17. Qd2 Bb7 18. Bb1 Rad8 19. Ne2 c5 20. Ng3 Ba6 21. Nf5 Qc6 22. Rf2 cxd4 23. Nxd4 Qd6 24. g4 Rc8 25. Rg2 Nd7 26. Qf2 Ne5 27. g5 hxg5 28. Rxg5 Bd3 29.
Qg3 g6 30. Bxd3 Nxd3 31. Qxd6 Nxe1 32. Rxg6+ fxg6 33. Qxg6+ Kh8 34. Nf5 Rc7 35. Qxe8+ Kh7 36. Qh5+ Kg8 37. Qg6+ Kf8 38. Qd6+ Kg8 39. Qxc7 1-0